 Dungeon Crawl Stone Soup version 0.21.1-1-g345015f (webtiles) character file.

58 wotfoxis the Caller (level 3, -9/19 HPs)
             Began as a Deep Elf Summoner on Feb 20, 2018.
             Killed by divine providence
             ... invoked by an orc priest
              (13 damage)
             ... on level 3 of the Dungeon.
             The game lasted 00:12:31 (1357 turns).

wotfoxis the Caller (Deep Elf Summoner)             Turns: 1357, Time: 00:12:36

Health: -9/19      AC:  4    Str:  5    XL:     3   Next: 75%
Magic:  8/10       EV: 13    Int: 19    God:
Gold:   90         SH:  0    Dex: 16    Spells: 4/10 levels left

rFire    . . .     SeeInvis .   k - +1 spear (venom)
rCold    . . .     Gourm    .   (no shield)
rNeg     . . .     Faith    +   a - +0 robe
rPois    .         Spirit   .   h - +0 helmet
rElec    .         Reflect  .   (no cloak)
rCorr    .         Harm     .   q - +0 pair of gloves (curse)
MR       .....                  (no boots)
Stlth    ++........             d - amulet of faith
HPRegen  0.06/turn              f - ring of stealth
MPRegen  0.12/turn              n - ring of loudness (curse)

@: no status effects
A: no striking features
a: no special abilities


You were on level 3 of the Dungeon.
You were not hungry.

You visited 1 branch of the dungeon, and saw 3 of its levels.

You collected 90 gold pieces.

Inventory:

Hand Weapons
 k - a +1 spear of venom (weapon)
Armour
 a - a +0 robe (worn)
 h - a +0 helmet (worn)
 q - a cursed +0 pair of gloves (worn)
Jewellery
 d - an amulet of faith (around neck)
 f - a ring of stealth (left hand)
 n - a cursed ring of loudness (right hand)
Scrolls
 i - a scroll of teleportation
 o - a scroll of enchant armour {unknown}
 s - 2 scrolls of amnesia {unknown}
 t - a scroll of remove curse {unknown}
 v - a scroll of enchant weapon {unknown}
Potions
 e - a potion of curing {unknown}
 g - a potion of invisibility {unknown}
 j - 2 potions of lignification {unknown}
 m - a potion of mutation {unknown}
 r - a potion of heal wounds {unknown}
Books
 b - a book of Callings

   Spells                             Type                      Level
   a - Summon Small Mammal            Summoning                    1
   b - Call Imp                       Summoning                    2
   c - Call Canine Familiar           Summoning                    3
   d - Summon Guardian Golem          Hexes/Summoning              3
   e - Summon Lightning Spire         Summoning/Air                4
   f - Summon Ice Beast               Ice/Summoning                4
 l - a book of Misfortune

   Spells                             Type                      Level
   a - Confusing Touch                Hexes                        1
   b - Confuse                        Hexes                        3
   c - Gell's Gravitas                Translocation                3
   d - Petrify                        Transmutation/Earth          4
   e - Metabolic Englaciation         Hexes/Ice                    5
   f - Yara's Violent Unravelling     Hexes/Transmutation          5
 p - a book of Minor Magic

   Spells                             Type                      Level
   a - Magic Dart                     Conjuration                  1
   b - Blink                          Translocation                2
   c - Call Imp                       Summoning                    2
   d - Slow                           Hexes                        2
   e - Conjure Flame                  Conjuration/Fire             3
   f - Mephitic Cloud                 Conjuration/Poison/Air       3
Comestibles
 c - 3 rations
 u - 2 chunks of flesh


   Skills:
 + Level 2.7 Dodging
 + Level 2.7 Stealth
 + Level 4.4 Spellcasting
 + Level 5.0 Summonings


You had 4 spell levels left.
You knew the following spells:

 Your Spells              Type           Power        Failure   Level  Hunger
a - Summon Small Mammal   Summ           ###.         1%          1    None
b - Call Imp              Summ           ###.....     2%          2    #......
c - Magic Dart            Conj           #...         13%         1    None
d - Blink                 Tloc           N/A          21%         2    #......


Dungeon Overview and Level Annotations

Branches:
Dungeon (3/15)

Altars:


Message History

Pain shoots through your body!
Ouch! That really hurt!
* * * LOW HITPOINT WARNING * * *
You swap places.
Your quokka closely misses the orc priest.
The orc priest hits your quokka with a whip.
Something closely misses your crimson imp.
The orc priest hits your quokka with a war axe!
Your quokka dies!
Your quokka's corpse disappears in a puff of smoke!
The orc priest misses your crimson imp.
Your crimson imp hits the orc priest but does no damage.
You see here a short sword.
You swap places.
Your bat hits the orc priest but does no damage.
Your bat barely misses the orc priest.
The orc priest mumbles some strange prayers to Beogh against you.
Beogh smites you!
Ouch! That really hurt!
You die...

.#+# .#.# .#.#
##+####### ...#
......)<.# ...#
.........# o..+
.........######o5.#
.#..........@)bo..#
...############...#
.# ...# >..# ...#
...# #+##


You could see 2 orc priests, a friendly crimson imp and a friendly bat.

Vanquished Creatures
  An adder (D:2)
  A worm (D:2)
  A dart slug (D:1)
  2 leopard geckos
  2 bats
  2 giant cockroaches (D:1)
  3 hobgoblins
  A kobold (D:1)
  3 rats
16 creatures vanquished.

Vanquished Creatures (collateral kills)
  2 adders (D:2)
  An ooze (D:2)
  A leopard gecko (D:1)
  4 giant cockroaches
  3 goblins
  A hobgoblin (D:3)
  6 kobolds (D:1)
  A ball python (D:1)
  A bat (D:1)
  A frilled lizard (D:1)
  4 rats
25 creatures vanquished.

Grand Total: 41 creatures vanquished

Notes
Turn   | Place    | Note
-------+----------+-------------------------------------------
     0 | D:1      | wotfoxis the Deep Elf Summoner began the quest for the Orb.
     0 | D:1      | Reached XP level 1. HP: 10/10 MP: 6/6
   177 | D:1      | Reached XP level 2. HP: 14/15 MP: 2/8
   314 | D:2      | Learned a level 2 spell: Call Imp
   669 | D:1      | Reached XP level 3. HP: 13/19 MP: 7/10
   833 | D:2      | Found a faded altar of an unknown god.
   844 | D:2      | Learned a level 1 spell: Magic Dart
   847 | D:2      | Learned a level 2 spell: Blink
   858 | D:2      | Reached skill level 5 in Summonings
  1357 | D:3      | Killed from afar by an orc priest

Skill      XL: |  1  2  3 |
---------------+----------+-----
Spellcasting   | 4 |  4.4
Summonings     | 5 |  5.0
Dodging        | |  2.7
Stealth        | |  2.7

Action                   || total
-------------------------++-------
Melee: Spear             ||    37
 Cast: Summon Small Mamm ||    53
       Call Imp          ||    12
       Magic Dart        ||     9
       Blink             ||     1
  Use: Scroll            ||     1
 Stab: Distracted        ||     1
       Sleeping          ||     1
  Eat: Ration            ||     1
       Chunk             ||     1
Armor: Robe              ||     5
Dodge: Dodged            ||    30
